 Dungeon Crawl Stone Soup version 0.27-a0-1149-g4505690ab0 (webtiles) character file.

Game seed: 13969128140045030355

1892 Gwenloh the Reanimator (level 8, -1/51 (52) HPs)
             Began as a Demonspawn Necromancer on May 13, 2021.
             Slain by a necrophage (8 damage)
             ... on level 5 of the Dungeon.
             The game lasted 00:37:41 (11210 turns).

Gwenloh the Reanimator (Demonspawn Necromancer)    Turns: 11210, Time: 00:37:42

HP:   -1/51 (52)    AC:  9    Str: 10    XL:     8   Next: 93%
MP:   11/17         EV: 12    Int: 18    God:
Gold: 287           SH:  0    Dex: 13    Spells: 6/19 levels left

rFire    . . .     SeeInvis .   o - +3 short sword (venom)
rCold    . . .     Faith    .   (no shield)
rNeg     . . .     Spirit   .   a - +0 robe
rPois    .         Reflect  .   z - +1 hat
rElec    .         Harm     .   (no cloak)
rCorr    .         Rampage  .   (no gloves)
Will     .....                  (no boots)
Stlth    ++........             (no amulet)
HPRegen  0.17/turn              (no ring)
MPRegen  0.15/turn              (no ring)

@: sanguine armoured, lightly drained
A: claws 1, powered by death 1, sanguine armour 1
a: no special abilities


You were on level 5 of the Dungeon.
You visited 2 branches of the dungeon, and saw 8 of its levels.

You collected 287 gold pieces.

Inventory:

Hand Weapons
 o - a +3 short sword of venom (weapon)
 A - a +0 hand axe
Missiles
 d - 248 stones
 u - 25 poisoned darts (quivered)
 w - 9 javelins
Armour
 a - a +0 robe (worn)
 h - a +0 leather armour
 z - a +1 hat (worn)
Scrolls
 c - 3 scrolls of enchant weapon
 e - a scroll of fear
 f - 2 scrolls of teleportation
 g - a scroll of immolation
 i - a scroll of vulnerability
 l - 2 scrolls of blinking
 n - 2 scrolls of enchant armour
 t - a scroll of amnesia {unknown}
 x - a scroll of fog {unknown}
 y - a scroll of noise {unknown}
Potions
 b - a potion of heal wounds {unknown}
 j - a potion of berserk rage {unknown}
 k - 5 potions of curing
 m - a potion of might {unknown}
 p - a potion of degeneration {unknown}
 q - a potion of flight {unknown}
 r - 3 potions of haste {unknown}
 s - a potion of brilliance {unknown}
 v - 3 potions of magic {unknown}


   Skills:
 - Level 1.7 Dodging
 - Level 1.7 Stealth
 + Level 6.4 Spellcasting
 * Level 11.1 Necromancy


You had 6 spell levels left.
You knew the following spells:

 Your Spells              Type           Power      Damage    Failure   Level
a - Pain                  Necr           100%       1d9       1%          1
b - Vampiric Draining     Necr           22%        2d9       1%          3
c - Agony                 Necr           45%        N/A       3%          5
d - Animate Dead          Necr           22%        N/A       1%          4

Your spell library contained the following spells:

 Spells                   Type           Power      Damage    Failure   Level
 Animate Skeleton         Necr           90%        N/A       1%          1


Dungeon Overview and Level Annotations

Branches:
Dungeon (7/15)             Temple (1/1) D:7

Altars:
Ashenzari
Cheibriados
Dithmenos
Elyvilon
Fedhas
Gozag
Hepliaklqana
Makhleb
Nemelex Xobeh
Okawaru
Qazlal
Ru
Trog
Uskayaw
Vehumet
Wu Jian
Xom
Yredelemnul
Zin
The Shining One

Shops:
D:1 !


Innate Abilities, Weirdness & Mutations

You have sharp fingernails.
You regenerate a little health from kills.
When seriously injured, your bleeding wounds create armour. (AC +6)


Message History

Confirm with . or Enter, or press ? or * to list all spells.
Aiming: Pain (safe; 1% risk of failure)
Press: ? - help, Shift-Dir - straight line, f/p - orc priest
Aim: an orc priest, wielding a +0 club (lightly wounded, very poisoned, chance to affect: 84%)
The orc priest writhes in agony.
The orc priest calls down the wrath of Beogh upon you.
Beogh smites you!
Your blood congeals into armour.
Casting: Pain (safe; 1% risk of failure)
Confirm with . or Enter, or press ? or * to list all spells.
Aiming: Pain (safe; 1% risk of failure)
Press: ? - help, Shift-Dir - straight line, f/p - orc priest
Aim: an orc priest, wielding a +0 club (heavily wounded, very poisoned, chance to affect: 84%)
The orc priest writhes in agony.
The orc priest casts a cantrip, but nothing happens.
Casting: Pain (safe; 1% risk of failure)
Confirm with . or Enter, or press ? or * to list all spells.
Aiming: Pain (safe; 1% risk of failure)
Press: ? - help, Shift-Dir - straight line, f/p - orc priest
Aim: an orc priest, wielding a +0 club (severely wounded, poisoned, chance to affect: 84%)
The orc priest writhes in agony!
You kill the orc priest!
The orc misses you.
You climb upwards.
There is a stone staircase leading down, spattered with blood here.
Casting: Pain (safe; 1% risk of failure)
Confirm with . or Enter, or press ? or * to list all spells.
Aiming: Vampiric Draining (safe; 1% risk of failure)
Press: ? - help, Shift-Dir - straight line, f - orc
Aim: an orc, wielding a +0 short sword You draw life force from the orc!
You kill the orc!
You feel life coursing into your body.
There is a stone staircase leading up here.
You see here a +0 whip.
The wyvern zombie bites you!
* * * LOW HITPOINT WARNING * * *
You climb upwards.
The necrophage hits you.
* * * LOW HITPOINT WARNING * * *
You feel drained. The necrophage hits you!
You die...

##.......#.............#
#........>............##
#......................#
#.##...##..........##..#
..###..................## ..#
#...................### .##
#.....................##
..###.#....#.....n.........#
..[...#.........@.........##
....................#..#..###
.............#..##..#..#....#
.............#........##...##
[...........####..........##
.......####.##...##........##
....#..#.n........##........#
.#.##....)###........##.....#
.####....####.......#########


You could see a necrophage.

Vanquished Creatures
  Pikel (D:7)
  Sigmund (D:2)
  2 water moccasins
  A sky beast (D:6)
  A lemure (D:7)
  A kobold brigand (D:6)
  A wyvern zombie (D:7)
  A scorpion (D:3)
  5 killer bees
  A bullfrog skeleton (D:6)
  A gnoll shaman (D:6)
  An orc priest (D:7)
  Jessica (D:2)
  An iguana (D:7)
  Natasha (thrice) (D:2)
  2 killer bee zombies
  A hound skeleton (D:5)
  A howler monkey skeleton (D:6)
  5 adders
  13 gnolls
  2 shadow imps
  A white imp (D:6)
  An ufetubus (D:5)
  3 worms
  4 dart slugs
  14 orcs
  6 ball pythons
  8 endoplasms
  9 giant cockroaches
  5 goblins
  6 hobgoblins
  8 jackals
  3 quokkas (D:2)
  4 bats
  5 frilled lizards
  7 kobolds
  8 rats
138 creatures vanquished.

Notes
Turn   | Place    | Note
-------+----------+-------------------------------------------
     0 | D:1      | Gwenloh the Demonspawn Necromancer began the quest for the
                  | Orb.
     0 | D:1      | Reached XP level 1. HP: 13/13 MP: 3/3
   387 | D:1      | Gained mutation: You regenerate a little health from kills.
                  | [demonic ancestry]
   387 | D:1      | Reached XP level 2. HP: 18/19 MP: 3/5
   736 | D:1      | Found Bitamon's Distillery.
   764 | D:1      | Found a faded altar of an unknown god.
   912 | D:1      | Reached skill level 5 in Necromancy
  1230 | D:2      | Noticed Natasha
  1267 | D:2      | Killed Natasha
  1268 | D:2      | Gained mutation: You have sharp fingernails. [demonic
                  | ancestry]
  1268 | D:2      | Reached XP level 3. HP: 11/24 MP: 1/6
  1608 | D:1      | Learned a level 3 spell: Vampiric Draining
  1813 | D:2      | Noticed Natasha
  1894 | D:2      | Gained mutation: When seriously injured, your bleeding
                  | wounds create armour. (AC +6) [demonic ancestry]
  1894 | D:2      | Reached XP level 4. HP: 27/30 MP: 4/8
  2025 | D:2      | Noticed Sigmund
  2296 | D:2      | Noticed Jessica
  2330 | D:2      | Killed Jessica
  2344 | D:2      | Learned a level 4 spell: Animate Dead
  2450 | D:2      | Reached skill level 6 in Necromancy
  2764 | D:2      | Killed Natasha
  2765 | D:2      | Reached XP level 5. HP: 24/35 MP: 0/9
  2808 | D:2      | Noticed Natasha
  2901 | D:2      | Killed Natasha
  3528 | D:3      | Reached skill level 7 in Necromancy
  3960 | D:3      | Reached XP level 6. HP: 36/41 MP: 7/11
  4268 | D:2      | Killed Sigmund
  5711 | D:5      | Entered Level 5 of the Dungeon
  6246 | D:5      | Found a sparkling altar of Nemelex Xobeh.
  6828 | D:5      | Reached skill level 8 in Necromancy
  6831 | D:5      | Reached XP level 7. HP: 34/46 MP: 2/13
  7435 | D:6      | Noticed a yak
  8713 | D:5      | Learned a level 5 spell: Agony
  8975 | D:6      | Reached skill level 9 in Necromancy
  9367 | D:6      | Found a shimmering altar of Xom.
  9397 | D:6      | Reached skill level 5 in Spellcasting
  9502 | D:6      | Noticed a yak
  9809 | D:6      | Reached XP level 8. HP: 28/52 MP: 7/15
 10170 | D:7      | Reached skill level 10 in Necromancy
 10642 | D:7      | Noticed Pikel
 10771 | D:7      | Killed Pikel
 10772 | D:7      | Reached skill level 11 in Necromancy
 10930 | D:7      | Found a staircase to the Ecumenical Temple.
 10990 | Temple   | Entered the Ecumenical Temple
 11210 | D:5      | Slain by a necrophage

Illustrated notes

Levels and vault maps discovered:
D:1:      minmay_arrival_split_and_join, layout_basic, serial_shops,
          nicolae_shop_waterfront, shapermc_ecumenical_altar_totnotflames,
          st_stairs_2
D:2:      layout_loops_ring, st_stairs_6, minmay_worlds_worst_comb,
          uniq_sigmund, uniq_natasha, uniq_jessica
D:3:      layout_loops_ring, chequers_decorated_corner
D:4:      layout_loops_cross, cheibrodos_sewer_entry_bend, serial_bayou_pond_d,
          minivault_27
D:5:      black_bear_nest_2, layout_cave_pools, nemelex_spade_bored_becter
D:6:      layout_rooms, xom_teletrap_fun
D:7:      layout_rooms, minmay_temple_entry_drinking_statues, serial_shops,
          shop, kb_lookout_dungeons_type, uniq_joseph, uniq_pikel,
          uniq_crazy_yiuf_cottage
Temple:   regret_index_temple_mists

Skill      XL: |  1  2  3  4  5  6  7  8 |
---------------+-------------------------+-----
Necromancy     | 5 6 7 8 9 11 | 11.1
Spellcasting   | 3 4 5 6 |  6.4
Dodging        | |  1.7
Stealth        | |  1.7

Action                   |  1- 3 |  4- 6 |  7- 9 || total
-------------------------+-------+-------+-------++-------
Melee: Dagger            |     2 |     3 |       ||     5
       Short sword       |       |     5 |    95 ||   100
Throw: Stone             |    13 |    14 |       ||    27
       Javelin           |       |     4 |       ||     4
       Dart              |       |       |    14 ||    14
 Cast: Pain              |    66 |   144 |    87 ||   297
       Vampiric Draining |       |    14 |    23 ||    37
       Animate Dead      |       |     1 |     1 ||     2
       Agony             |       |       |     1 ||     1
  Use: Scroll            |       |     2 |     7 ||     9
       Potion            |       |       |     1 ||     1
Armor: Robe              |     3 |    13 |    25 ||    41
Dodge: Dodged            |     9 |    38 |   116 ||   163

Table legend: (Time is in decaauts)
 A = Elapsed time spent in this place.
 B = Non-inter-level travel time spent in this place.
 C = Inter-level travel time spent in this place.
 D = Time resting spent in this place.
 E = Time spent auto-exploring this place.
 F = Levels seen in this place.
 G = Mean time per level.
                   A        B        C        D        E       F      G
               +--------+--------+--------+--------+--------+-----+--------+
         Total |  11335 |  10949 |    386 |    259 |   8625 |   8 | 1416.9 |
       Dungeon |  11103 |  10745 |    358 |    259 |   8422 |   7 | 1586.1 |
        Temple |    232 |    204 |     28 |      0 |    202 |   1 |  232.0 |
               +--------+--------+--------+--------+--------+-----+--------+

Top non-repeatable levels by time:
     D:5: 2356 daAuts
     D:1: 1872 daAuts
     D:2: 1835 daAuts
     D:6: 1513 daAuts
     D:4: 1366 daAuts
     D:3: 1084 daAuts
     D:7: 1074 daAuts
  Temple: 232 daAuts
